 Dungeon Crawl Stone Soup version 0.27-a0-652-g2d5cf1dcd3 (webtiles) character file.

Game seed: 10158152590571867723

34995 Yian the Geomancer (level 13, -1/79 HPs)
             Began as a Gargoyle Earth Elementalist on Mar 16, 2021.
             Was a High Priest of Vehumet.
             Shot with an arrow by Nessos (2 damage)
             ... on level 14 of the Dungeon.
             The game lasted 00:41:06 (16860 turns).

Yian the Geomancer (Gargoyle Earth Elementalist)   Turns: 16860, Time: 00:41:06

Health: -1/79      AC: 17    Str: 13    XL:     13   Next: 81%
Magic:  6/25       EV: 14    Int: 20    God:    Vehumet [*****.]
Gold:   415        SH:  0    Dex: 10    Spells: 15/29 levels left

rFire    + . .     SeeInvis +   i - +2 flail (protect)
rCold    + + .     Faith    .   (no shield)
rNeg     + . .     Spirit   .   c - +0 robe of Going Fast {rC+ Regen+}
rPois    ∞         Reflect  .   h - +2 helmet
rElec    +         Harm     .   C - scarf {rC+ rF+}
rCorr    .         Rampage  .   o - +2 pair of gloves
Will     .....                  (no boots)
Stlth    ++........             (no amulet)
HPRegen  1.23/turn              g - ring of see invisible
MPRegen  0.19/turn              j - ring of wizardry

@: very slightly contaminated, invisible
A: AC +9, negative energy resistance 1, electricity resistance, torment
resistance 1, unbreathing 1, petrification resistance, deformed body, wild magic
1, MP-powered wands
a: Renounce Religion


You were on level 14 of the Dungeon.
You worshipped Vehumet.
Vehumet was extremely pleased with you.
You visited 2 branches of the dungeon, and saw 15 of its levels.
You also visited: Ossuary.

You collected 774 gold pieces.
You spent 359 gold pieces at shops.

Inventory:

Hand Weapons
 i - a +2 flail of protection (weapon)
 q - a +2 short sword of holy wrath
 E - a +4 morningstar
Missiles
 b - 104 stones
 A - 2 throwing nets
Armour
 c - the +0 robe of Going Fast (worn) {rC+ Regen+}
   (You found it on level 8 of the Dungeon)

   It protects you from cold.
   It increases your rate of regeneration.
 h - a +2 helmet (worn)
 o - a +2 pair of gloves (worn)
 v - a +0 leather armour of willpower
 C - a scarf of resistance (worn)
Jewellery
 a - a ring of flight
 g - a ring of see invisible (right hand)
 j - a ring of wizardry (left hand)
 k - a +4 ring of evasion
 u - a ring of resist corrosion
 w - a +4 ring of evasion
Wands
 z - a wand of iceblast (3)
 H - a wand of digging (4)
Scrolls
 d - 6 scrolls of identify
 e - 5 scrolls of teleportation
 m - a scroll of torment
 s - 2 scrolls of amnesia
 t - 7 scrolls of magic mapping
 x - a scroll of blinking
 y - 3 scrolls of enchant weapon
Potions
 f - 3 potions of cancellation
 l - 4 potions of lignification
 p - 3 potions of berserk rage
 r - 3 potions of curing
 D - a potion of flight
 F - a potion of resistance


   Skills:
 + Level 8.6 Fighting
 + Level 7.8 Maces & Flails
 - Level 6.0 Armour
 + Level 6.9 Dodging
 - Level 2.1 Stealth
 + Level 8.9 Spellcasting
 + Level 9.7 Conjurations
 - Level 0.7 Transmutations
 * Level 4.3 Fire Magic
 + Level 11.5 Earth Magic
 + Level 7.2 Evocations


You had 15 spell levels left.
You knew the following spells:

 Your Spells              Type           Power      Damage    Failure   Level
a - Sandblast             Erth           100%       2d20      1%          1
b - Stone Arrow           Conj/Erth      100%       3d13      1%          3
c - Lee's Rapid Deconstr  Erth           32%        3d17*     1%          5
d - Fireball              Conj/Fire      24%        3d11      2%          5

Your spell library contained the following spells:

 Spells                   Type           Power      Damage    Failure   Level
 Bolt of Magma            Conj/Fire/Erth 27%        4d13      1%          5
 Magic Dart               Conj           100%       1d8       1%          1
 Passwall                 Tmut/Erth      35%        N/A       1%          2
 Conjure Flame            Conj/Fire      48%        6-21      1%          3
 Inner Flame              Hex/Fire       22%        N/A       1%          3
 Mephitic Cloud           Conj/Pois/Air  28%        N/A       1%          3
 Corona                   Hex            12%        N/A       4%          1
 Leda's Liquefaction      Hex/Erth       20%        N/A       4%          4
 Petrify                  Tmut/Erth      43%        N/A       4%          4
 Blink                    Tloc           N/A        N/A       7%          2
 Call Imp                 Summ           11%        N/A       7%          2
 Slow                     Hex            11%        N/A       7%          2
 Portal Projectile        Hex/Tloc       22%        N/A       13%         3
 Cause Fear               Hex            5%         N/A       36%         4


Dungeon Overview and Level Annotations

Branches:
Dungeon (14/15) Temple (1/1) D:5 Lair (0/6) D:8 Orc (0/2) D:11 Vaults (0/5) D:13 D:14 Ossuary (visited)

Altars:
Ashenzari
Cheibriados
Dithmenos
Elyvilon
Fedhas
Gozag
Hepliaklqana
Kikubaaqudgha
Makhleb
Nemelex Xobeh
Okawaru
Qazlal
Ru
Sif Muna
Trog
Vehumet
Xom
Zin
The Shining One

Shops:
D:8 *   D:13 ?

Annotations:
D:14 Nessos


Innate Abilities, Weirdness & Mutations

Your stone body is resilient. (AC +9)
You are immune to poison.
You resist negative energy. (rN+)
You are resistant to electric shocks. (rElec)
You are resistant to unholy torment.
You can survive without breathing.
You are immune to petrification.
Armour fits poorly on your strangely shaped body.
Your spells are a little harder to cast, but a little more powerful.
You expend magic power (3 MP) to strengthen your wands.


Message History

The arrow hits you! The arrow burns you.
Unknown command.
Casting: Lee's Rapid Deconstruction (dangerous; 1% risk of failure)
Confirm with . or Enter, or press ? or * to list all spells.
Aiming: Lee's Rapid Deconstruction (dangerous; 1% risk of failure)
Press: ? - help, Dir - move target A stone wall.
The wall shatters!
The blast of rock fragments hits Nessos!
Nessos is heavily wounded.
Nessos shoots an arrow.
The arrow hits you!! The arrow burns you.
Unknown command.
Unknown command.
Unknown command.
Casting: Lee's Rapid Deconstruction (dangerous; 1% risk of failure)
Confirm with . or Enter, or press ? or * to list all spells.
Aiming: Lee's Rapid Deconstruction (dangerous; 1% risk of failure)
Press: ? - help, Dir - move target A stone wall.
The wall shatters!
The blast of rock fragments hits Nessos!!
Nessos is almost dead.
Nessos casts a spell.
Nessos seems to speed up.
Nessos shoots an arrow.
The arrow hits you!
* * * LOW HITPOINT WARNING * * *
Unknown command.
Unknown command.
You feel better.
Nessos blinks!
Nessos zaps a wand.
The mass of ice explodes!
The iceblast engulfs you! You partially resist.
* * * LOW HITPOINT WARNING * * *
Unknown command.
You fade into invisibility!
Nessos zaps a wand.
The mass of ice explodes!
The iceblast engulfs you. You partially resist.
* * * LOW HITPOINT WARNING * * *
You are very lightly contaminated with residual magic.
You feel better.
Nessos shoots an arrow.
The arrow hits you!!
* * * LOW HITPOINT WARNING * * *
The arrow burns you.
You die...

#..............#...........
#..................z....... ..
#..............###z########
..#####.......∩<)c.....#z# #
........#.....<>.......#.# #
........#..............#.## #
........#..............#..# #
.................†...###..# #
................@...[.....#######
........#########................
........# #................
........# #.)......##'####.
........# #........#.....#.
........# #........#.....#.
.....†..#########).......#.....#.
.........))†.............#.....#.
############.............##+####.


You could see Nessos (fast).

Vanquished Creatures
  Louise (D:14)
  Harold (D:9)
  A hydra (D:11)
  2 boulder beetles
  A catoblepas (D:14)
  Erica (D:9)
  3 two-headed ogres
  Sonja (D:13)
  5 unseen horrors
  7 skeletal warriors
  A spectral wolf spider (D:13)
  Pikel (D:8)
  An orc knight (D:14)
  3 manticores
  2 cyclopes
  An ugly thing (D:13)
  A centaur zombie (D:12)
  4 gargoyles
  3 kobold demonologists (D:11)
  5 trolls
  Prince Ribbit (D:9)
  5 slime creatures (D:13)
  A centaur simulacrum (D:14)
  A vampire (D:11)
  A wraith (D:10)
  2 wyverns
  16 humans (D:14)
  4 vampire mosquitoes (D:13)
  17 yaks
  An acid dragon (D:11)
  4 sky beasts
  3 black bears (D:9)
  3 orc warriors
  An ice beast (D:11)
  An ogre (D:5)
  2 necrophages
  9 centaurs
  A lemure (D:8)
  5 phantoms
  Blork the orc (D:11)
  A kobold brigand (D:11)
  12 bullfrogs
  2 wyvern skeletons (D:13)
  3 scorpions
  8 killer bees (D:8)
  7 wights
  A howler monkey (D:4)
  A bullfrog zombie (D:8)
  2 quasits
  11 orc priests
  2 jellies (D:8)
  8 hounds
  A human zombie (Ossuary)
  2 bullfrog skeletons (D:4)
  6 centaur skeletons
  4 iguanas
  6 orc wizards
  4 worker ants
  A hound zombie (D:7)
  5 hound skeletons
  2 mummies (Ossuary)
  2 worker ant zombies
  3 gnolls (D:4)
  13 adders
  3 shadow imps
  A white imp (D:6)
  3 ufetubi
  5 adder zombies (Ossuary)
  2 adder skeletons
  2 worms
  3 dart slugs
  2 leopard geckos
  48 orcs
  2 ball pythons
  3 giant cockroaches
  5 goblins
  8 hobgoblins
  6 jackals
  6 kobolds
  7 quokkas
  A ball python skeleton (D:5)
  5 bats
  A goblin zombie (Ossuary)
  11 hobgoblin zombies (Ossuary)
  3 jackal zombies (Ossuary)
  9 kobold zombies (Ossuary)
  7 orc zombies (Ossuary)
  A quokka skeleton (D:6)
  4 rats
379 creatures vanquished.

Vanquished Creatures (others)
  4 plants (D:8)
4 creatures vanquished.

Grand Total: 383 creatures vanquished

Notes
Turn   | Place    | Note
-------+----------+-------------------------------------------
     0 | D:1      | Yian the Gargoyle Earth Elementalist began the quest for
                  | the Orb.
     0 | D:1      | Reached XP level 1. HP: 10/10 MP: 3/3
   450 | D:1      | Reached skill level 4 in Earth Magic
   450 | D:1      | Reached XP level 2. HP: 15/15 MP: 3/5
  1453 | D:2      | Reached XP level 3. HP: 19/19 MP: 2/7
  1501 | D:2      | Learned a level 3 spell: Stone Arrow
  1737 | D:2      | Reached XP level 4. HP: 24/24 MP: 8/8
  1890 | D:2      | Reached skill level 1 in Conjurations
  2025 | D:3      | Reached skill level 5 in Earth Magic
  2064 | D:3      | Reached XP level 5. HP: 28/28 MP: 1/10
  2790 | D:3      | Learned a level 5 spell: Lee's Rapid Deconstruction
  2858 | D:4      | Reached XP level 6. HP: 32/32 MP: 5/11
  2942 | D:4      | Found a sand-covered staircase.
  2951 | Ossuary  | Entered an ossuary
  3184 | Ossuary  | Reached skill level 6 in Earth Magic
  3765 | D:4      | Reached XP level 7. HP: 31/36 MP: 13/13
  4627 | D:5      | Entered Level 5 of the Dungeon
  4646 | D:5      | Found a staircase to the Ecumenical Temple.
  4658 | Temple   | Entered the Ecumenical Temple
  4696 | Temple   | Became a worshipper of Vehumet
  4821 | D:5      | Reached skill level 5 in Spellcasting
  4860 | D:5      | Reached skill level 1 in Fighting
  4860 | D:5      | Reached skill level 7 in Earth Magic
  4860 | D:5      | Reached XP level 8. HP: 43/43 MP: 12/15
  4901 | D:5      | Reached skill level 1 in Maces & Flails
  4901 | D:5      | Reached skill level 1 in Armour
  4903 | D:5      | Reached skill level 1 in Evocations
  5963 | D:5      | Found a snail-covered altar of Cheibriados.
  5963 | D:5      | Found an ancient bone altar of Kikubaaqudgha.
  6227 | D:6      | Reached skill level 5 in Conjurations
  6598 | D:6      | Killed an unseen horror
  6599 | D:6      | Reached XP level 9. HP: 24/51 MP: 5/17
  7870 | D:8      | Reached * piety under Vehumet
  7870 | D:8      | Offered knowledge of Freeze by Vehumet.
  7871 | D:8      | Reached skill level 8 in Earth Magic
  7939 | D:8      | Found a staircase to the Lair.
  8011 | D:8      | Found Suyxor's Assorted Antiques.
  8550 | D:8      | Noticed Pikel
  8553 | D:8      | Killed Pikel
  8554 | D:8      | Reached XP level 10. HP: 58/58 MP: 9/19
  8650 | D:8      | Identified the +0 robe of Going Fast {rC+ Regen+}
  8831 | D:9      | Found a bloodstained altar of Trog.
  8831 | D:9      | Noticed Prince Ribbit
  8833 | D:9      | Killed Prince Ribbit
  9227 | D:9      | Noticed Harold
  9354 | D:9      | Killed Harold
  9539 | D:9      | Noticed a gargoyle
  9541 | D:9      | Killed a gargoyle
  9542 | D:9      | Reached skill level 5 in Fighting
  9684 | D:9      | Found a broken altar of Ashenzari.
  9969 | D:9      | Noticed Erica
  9975 | D:9      | Killed Erica
  9976 | D:9      | Reached skill level 5 in Armour
  9976 | D:9      | Reached skill level 9 in Earth Magic
 10090 | D:9      | Offered knowledge of Foxfire by Vehumet.
 10210 | D:10     | Entered Level 10 of the Dungeon
 10259 | D:9      | Killed an unseen horror
 10260 | D:9      | Reached XP level 11. HP: 61/64 MP: 16/21
 10322 | D:9      | Reached skill level 5 in Maces & Flails
 10466 | D:10     | Reached ** piety under Vehumet
 10820 | D:10     | Noticed a two-headed ogre
 10833 | D:10     | Killed a two-headed ogre
 10981 | D:10     | Identified the +3 fustibalus of Toothy Watchfulness {venom,
                  | rC+ rN+}
 11046 | D:10     | Offered knowledge of Static Discharge by Vehumet.
 11384 | D:11     | Noticed an unseen horror
 11387 | D:11     | Killed an unseen horror
 11424 | D:11     | Noticed a cyclops
 11430 | D:11     | Killed a cyclops
 11431 | D:11     | Reached skill level 5 in Evocations
 11465 | D:11     | Reached skill level 5 in Dodging
 11535 | D:11     | Reached *** piety under Vehumet
 11540 | D:11     | Noticed an unseen horror
 11543 | D:11     | Killed an unseen horror
 11575 | D:11     | Noticed a manticore
 11586 | D:11     | Reached skill level 10 in Earth Magic
 11701 | D:11     | Reached XP level 12. HP: 71/71 MP: 9/23
 11709 | D:11     | Offered knowledge of Frozen Ramparts by Vehumet.
 12030 | D:11     | Noticed a five-headed hydra
 12035 | D:11     | Killed a five-headed hydra
 12230 | D:11     | Found a staircase to the Orcish Mines.
 12363 | D:11     | Noticed Blork the orc
 12369 | D:11     | Killed Blork the orc
 12420 | D:11     | Found a shimmering blue altar of Sif Muna.
 12731 | D:12     | Noticed a boulder beetle
 12856 | D:12     | Killed a boulder beetle
 13200 | D:12     | Reached **** piety under Vehumet
 13551 | D:13     | Noticed a two-headed ogre
 13843 | D:13     | Noticed Sonja
 13847 | D:13     | Killed Sonja
 13847 | D:13     | Offered knowledge of Fireball by Vehumet.
 13854 | D:13     | Gained mutation: Armour fits poorly on your strangely
                  | shaped body. [potion of mutation]
 13854 | D:13     | Gained mutation: Your spells are a little harder to cast,
                  | but a little more powerful. [potion of mutation]
 13854 | D:13     | Gained mutation: You expend magic power (3 MP) to
                  | strengthen your wands. [potion of mutation]
 14418 | D:13     | Reached XP level 13. HP: 78/78 MP: 12/25
 14546 | D:13     | Learned a level 5 spell: Fireball
 14572 | D:13     | Found Sil Kuygoc's Magic Scroll Shop.
 14579 | D:13     | Reached skill level 11 in Earth Magic
 14584 | D:13     | Reached skill level 1 in Fire Magic
 14941 | D:13     | Bought a scroll of blinking for 112 gold pieces
 14941 | D:13     | Bought a scroll of identify for 30 gold pieces
 15677 | D:8      | Bought a potion of curing for 93 gold pieces
 15677 | D:8      | Bought a sharpened gold wand for 124 gold pieces
 15838 | D:14     | Noticed Louise
 15839 | D:14     | Noticed Nessos
 15860 | D:14     | Killed Louise
 16123 | D:14     | Found a gate to the Vaults.
 16199 | D:14     | Reached ***** piety under Vehumet
 16421 | D:14     | Offered knowledge of Bolt of Magma by Vehumet.
 16860 | D:14     | HP: 1/79 [Nessos/arrow (23)]
 16860 | D:14     | Shot with an arrow by Nessos

Illustrated notes

Levels and vault maps discovered:
D:1:      mainiacjoe_arrival_reflecting_pool, layout_basic
D:2:      layout_rooms
D:3:      layout_basic
D:4:      layout_cave_pools, enter_ossuary_1, kennysheep_generic_room_11
D:5:      layout_basic, gammafunk_temple_overflow_pools,
          minmay_temple_entry_tees
D:6:      layout_rooms, minmay_liquid_box
D:7:      layout_rooms
D:8:      layout_loops_ring, lair_entry_dummy, serial_shops,
          nicolae_shop_overgrown_old_shop, uniq_pikel
D:9:      layout_basic, ashenzari_altar_1, trog_ov_bears_minmay,
          chequers_serial_rivers_micro_a, uniq_erica, uniq_harold,
          uniq_prince_ribbit1
D:10:     layout_cave_pools, kennysheep_doodads, dk_rats_in_the_wall
D:11:     layout_big_octagon, david_orc_3, tgw_sif
D:12:     layout_basic, abandoned_shop
D:13:     layout_cave_pods, serial_shops, nicolae_shop_trees,
          hangedman_weighted_door, minivault_23, grunt_decor_cap,
          serial_park_tiny_1, uniq_sonja
D:14:     layout_irregular_city, david_vaults_3, item_on_display_a, uniq_louise
Temple:   compressed_dpeg_circular_temple

Skill      XL: |  1  2  3  4  5  6  7  8  9 10 11 12 13 |
---------------+----------------------------------------+-----
Earth Magic    | 4 5 6 7 8 9 10 11 | 11.5
Spellcasting   | 3 4 5 6 7 8 |  8.9
Conjurations   | 1 2 3 4 5 6 7 8 9 |  9.7
Fighting       | 1 3 4 5 6 7 8 |  8.6
Maces & Flails | 2 3 4 5 7 |  7.8
Armour         | 2 4 5 6 |  6.0
Dodging        | 3 4 5 6 |  6.9
Evocations     | 2 3 4 5 6 7 |  7.2
Fire Magic     | 4 |  4.3
Stealth        | |  2.1
Transmutations | |  0.7

Action                   |  1- 3 |  4- 6 |  7- 9 | 10-12 | 13-15 || total
-------------------------+-------+-------+-------+-------+-------++-------
Melee: Club              |    57 |     4 |       |       |       ||    61
       Short sword       |       |   152 |   254 |    27 |       ||   433
       Flail             |       |       |       |   322 |    59 ||   381
       Unarmed           |       |       |       |    19 |       ||    19
Throw: Throwing net      |       |       |       |     1 |       ||     1
 Cast: Sandblast         |    24 |    76 |    66 |    10 |     2 ||   178
       Stone Arrow       |       |       |    19 |   132 |    36 ||   187
       Lee's Rapid Decon |       |       |     3 |    37 |    41 ||    81
Evoke: Wand              |       |       |       |    17 |     5 ||    22
  Use: Scroll            |       |    15 |     6 |     6 |     4 ||    31
       Potion            |       |     1 |     1 |     6 |     8 ||    16
 Stab: Sleeping          |       |     2 |     2 |     1 |       ||     5
Armor: Robe              |    36 |    86 |   139 |   247 |    62 ||   570
       Leather armour    |       |       |     1 |       |       ||     1
       Skin              |       |       |       |     1 |       ||     1
Dodge: Dodged            |    55 |   193 |   347 |   385 |    82 ||  1062

Table legend: (Time is in decaauts)
 A = Elapsed time spent in this place.
 B = Non-inter-level travel time spent in this place.
 C = Inter-level travel time spent in this place.
 D = Time resting spent in this place.
 E = Time spent auto-exploring this place.
 F = Levels seen in this place.
 G = Mean time per level.
                   A        B        C        D        E       F      G
               +--------+--------+--------+--------+--------+-----+--------+
         Total |  16957 |  16188 |    769 |   3337 |   9565 |  16 | 1059.8 |
       Dungeon |  16191 |  15453 |    738 |   3079 |   9461 |  14 | 1156.5 |
        Temple |     69 |     38 |     31 |      0 |     10 |   1 |   69.0 |
       Ossuary |    696 |    696 |      0 |    258 |     94 |   1 |  696.0 |
               +--------+--------+--------+--------+--------+-----+--------+

Top non-repeatable levels by time:
    D:13: 1908 daAuts
     D:9: 1579 daAuts
    D:12: 1523 daAuts
     D:5: 1451 daAuts
     D:1: 1429 daAuts
    D:11: 1226 daAuts
     D:8: 1190 daAuts
     D:4: 1099 daAuts
     D:6: 1049 daAuts
    D:10: 985 daAuts
     D:3: 833 daAuts
 Ossuary: 696 daAuts
    D:14: 689 daAuts
     D:7: 618 daAuts
     D:2: 604 daAuts
